 Dungeon Crawl Stone Soup version 0.28-a0-704-g4d584c6bc1 (webtiles) character file.

Game seed: 2402374237495067447

11247 Lekart the Basher (level 11, -1/94 HPs)
             Began as a Grey Draconian Fighter on Oct 24, 2021.
             Was a Priest of Makhleb.
             Asphyxiated
             ... on level 11 of the Dungeon.
             The game lasted 00:16:31 (10789 turns).

Lekart the Basher (Grey Draconian Fighter)         Turns: 10789, Time: 00:16:32

Health: -1/94      AC: 14    Str: 32    XL:     11   Next: 46%
Magic:  17/17      EV: 15    Int:  9    God:    Makhleb [***...]
Gold:   604        SH:  5    Dex: 14    Spells: 10/10 levels left

rFire   x . .      SeeInvis +   k - +10 mace "Otsust" {speed, rElec rCorr Dex+4}
rCold   + . .      Faith    .   b - +0 buckler
rNeg    + . .      Spirit   .   (armour unavailable)
rPois   .          Reflect  .   (helmet restricted)
rElec   +          Harm     .   (no cloak)
rCorr   +          Rampage  .   h - +1 pair of gloves {Stlth+}
Will    +....                   (no boots)
Stlth   ++........              (no amulet)
HPRegen 0.25/turn               e - ring of Yxesecit {rF- rN+ Will+ Str+6 SInv}
MPRegen 0.15/turn               w - ring "Himecsar" {Wiz rElec rC+ Str+4}

@: mighty, lethally poisoned (-1 -> -34), about to teleport, flying, slowed,
very slow
A: AC +12, amphibious, unfitting armour, cold-blooded
a: Renounce Religion, Minor Destruction, Lesser Servant of Makhleb


You were on level 11 of the Dungeon.
You worshipped Makhleb.
Makhleb was most pleased with you.
You visited 2 branches of the dungeon, and saw 12 of its levels.

You collected 604 gold pieces.

Inventory:

Hand Weapons
 a - a +1 long sword
 k - the +10 mace "Otsust" (weapon) {speed, rElec rCorr Dex+4}
   (You found it on level 4 of the Dungeon)

   Attacks with this weapon are significantly faster.
   Dex:       It affects your dexterity (+4).
   rElec:     It insulates you from electricity.
   rCorr:     It protects you from acid and corrosion.
Armour
 b - a +0 buckler (worn)
 h - a +1 pair of gloves of stealth (worn)
Jewellery
 e - the ring of Yxesecit (left hand) {rF- rN+ Will+ Str+6 SInv}
   (You acquired it on level 3 of the Dungeon)

   [ring of strength]

   Str:       It affects your strength (+6).
   rF:        It makes you vulnerable to fire.
   rN:        It protects you from negative energy.
   SInv:      It lets you see invisible.
   Will:      It increases your willpower.
 l - a ring of flight
 q - a ring of positive energy
 w - the ring "Himecsar" (right hand) {Wiz rElec rC+ Str+4}
   (You found it on level 9 of the Dungeon)

   [ring of wizardry]

   It improves your spell success rate.
   Str:       It affects your strength (+4).
   rC:        It protects you from cold.
   rElec:     It insulates you from electricity.
 x - a ring of magical power
 y - a +4 ring of protection
Wands
 g - a wand of iceblast (20)
 u - a wand of charming (13)
 v - a wand of digging (8)
Scrolls
 d - 5 scrolls of identify
 j - 3 scrolls of teleportation
 r - 3 scrolls of holy word
 t - a scroll of enchant weapon
 z - a scroll of vulnerability {unknown}
Potions
 i - 4 potions of attraction
 o - 2 potions of berserk rage {unknown}
 p - a potion of ambrosia
 s - a potion of magic {unknown}


   Skills:
 + Level 8.0 Fighting
 + Level 5.0 Long Blades
 + Level 11.3 Maces & Flails
 + Level 7.3 Dodging
 + Level 5.4 Shields
 * Level 8.5 Invocations
 + Level 2.3 Evocations


You had 10 spell levels left.
You didn't know any spells.
Your spell library contained the following spells:

 Spells                   Type           Power      Damage    Failure   Level
 Magic Dart               Conj           0%         1d3       16%         1
 Call Imp                 Summ           0%         N/A       24%         2
 Ensorcelled Hibernation  Hex/Ice        0%         N/A       24%         2
 Dazzling Flash           Conj/Hex       0%         N/A       43%         3
 Gell's Gravitas          Tloc           0%         N/A       43%         3
 Lesser Beckoning         Tloc           0%         N/A       43%         3
 Mephitic Cloud           Conj/Pois/Air  0%         N/A       43%         3
 Teleport Other           Tloc           0%         N/A       43%         3
 Tukima's Dance           Hex            0%         N/A       43%         3
 Agony                    Necr           0%         N/A       98%         5
 Silence                  Hex/Air        0%         N/A       98%         5


Dungeon Overview and Level Annotations

Branches:
Dungeon (10/15)            Temple (1/1) D:4            Lair (0/6) D:9
    Orc: D:9-12

Altars:
Ashenzari
Cheibriados
Dithmenos
Elyvilon
Fedhas
Gozag
Hepliaklqana
Kikubaaqudgha
Makhleb
Nemelex Xobeh
Okawaru
Ru
Sif Muna
Trog
Uskayaw
Vehumet
Wu Jian
Xom
The Shining One

Shops:
D:1 !   D:2 [

Annotations:
D:8 exclusion: ice statue
D:11 Sonja


Innate Abilities, Weirdness & Mutations

Your dull iron-grey scales are very hard. (AC +12)
You are amphibious.
You cannot fit into any form of body armour.
You are cold-blooded and may be slowed by cold attacks.


Message History

You are more poisoned.
You feel better.
The centaur warrior zombie hits you but does no damage.
You block the centaur warrior zombie's attack.
Sonja hits you but does no damage.
You are poisoned.
You block Sonja's attack.
Sonja hits you with a +0 dagger of venom.
You are more poisoned.
The centaur warrior zombie hits you.
The centaur warrior zombie barely misses you.
Sonja hits you but does no damage.
You are more poisoned.
Sonja hits you but does no damage.
You are more poisoned.
Sonja hits you but does no damage.
You are lethally poisoned!
Okay, then.
As you read the scroll of teleportation, it crumbles to dust.
You feel strangely unstable.
* * * LOW HITPOINT WARNING * * *
You feel extremely sick.
The centaur warrior zombie hits you but does no damage.
The centaur warrior zombie kicks you but does no damage.
Sonja casts a spell.
Sonja blinks!
The centaur warrior zombie hits you but does no damage.
The centaur warrior zombie kicks you but does no damage.
Sonja throws a curare-tipped dart.
You block the curare-tipped dart.
* * * LOW HITPOINT WARNING * * *
You feel extremely sick.
Sonja says, "I'm academy-trained, you know."
The centaur warrior zombie completely misses you.
The centaur warrior zombie kicks you but does no damage.
* * * LOW HITPOINT WARNING * * *
You feel extremely sick.
Sonja throws a curare-tipped dart.
The curare-tipped dart hits you.
You are more poisoned.
You have difficulty breathing.
You die...

#######'#### #..#
####'#### ##########
#.......# #..?...... #
#..††...# #......... .
#.......# #...K..... .
#.......# #.)....... .
#.......#####.........
.
#.......#...@Z........
.
#.......'.###.........
. #.......###
#......... . #.......#
#......... . #.......#
#..)...... # ##+######
###.###### .. #.#


You could see Sonja and a centaur warrior zombie.

Vanquished Creatures
  Josephine (D:11)
  3 two-headed ogres
  Pikel (D:7)
  A manticore (D:10)
  Psyche (D:8)
  2 komodo dragons
  3 wraiths (D:11)
  10 vampire mosquitoes
  3 wyverns
  2 steam dragons
  A vampire (D:9)
  A basilisk (D:9)
  Menkaure (D:7)
  Duvessa (D:5)
  3 orc warriors
  6 ice beasts
  A necrophage (D:6)
  3 sky beasts
  2 ogres (D:5)
  2 centaurs
  A phantom (D:7)
  2 kobold brigands
  2 gnoll sergeants
  4 bullfrogs
  A wyvern zombie (D:6)
  Dowan (D:5)
  2 water moccasin zombies (D:6)
  13 killer bees (D:8)
  4 howler monkeys
  6 wights
  3 centaur zombies
  2 jellies
  5 orc priests
  2 hounds (D:5)
  3 centaur skeletons
  6 iguanas
  5 orc wizards
  A killer bee zombie (D:9)
  A hound skeleton (D:4)
  4 howler monkey zombies
  5 gnolls (D:10)
  8 adders
  3 white imps
  2 ufetubi (D:7)
  An adder skeleton (D:4)
  4 worms
  2 dart slugs
  29 orcs
  4 ball pythons
  4 endoplasms
  4 giant cockroaches
  7 goblins
  10 hobgoblins
  2 jackals (D:4)
  17 kobolds
  2 quokkas
  3 bats
  2 frilled lizards (D:2)
  4 rats
229 creatures vanquished.

Vanquished Creatures (others)
  4 plants
4 creatures vanquished.

Grand Total: 233 creatures vanquished

Notes
Turn   | Place    | Note
-------+----------+-------------------------------------------
     0 | D:1      | Lekart the Draconian Fighter began the quest for the Orb.
     0 | D:1      | Reached XP level 1. HP: 19/19 MP: 1/1
   237 | D:1      | Reached XP level 2. HP: 26/26 MP: 2/2
   408 | D:1      | Found Akkad's Distillery.
  1110 | D:2      | Reached XP level 3. HP: 31/33 MP: 3/3
  1845 | D:2      | Found Katiy's Antique Armour Emporium.
  2223 | D:3      | Found a white marble altar of Elyvilon.
  2303 | D:3      | Identified a scroll of acquirement
  2304 | D:3      | Acquired the ring of Yxesecit {rF- rN+ Will+ Str+6 SInv}
  2375 | D:3      | Reached XP level 4. HP: 40/40 MP: 4/4
  2985 | D:4      | Reached XP level 5. HP: 41/46 MP: 5/5
  3172 | D:4      | Found a staircase to the Ecumenical Temple.
  3192 | D:4      | Identified the +10 mace "Otsust" {speed, rElec rCorr Dex+4}
  3208 | Temple   | Entered the Ecumenical Temple
  3215 | Temple   | Became a worshipper of Makhleb the Destroyer
  3377 | D:4      | Found a shimmering altar of Xom.
  4123 | D:5      | Entered Level 5 of the Dungeon
  4135 | D:5      | Reached skill level 1 in Invocations
  4197 | D:5      | Noticed an ogre
  4202 | D:5      | Killed an ogre
  4203 | D:5      | Reached skill level 1 in Maces & Flails
  4203 | D:5      | Reached XP level 6. HP: 53/53 MP: 5/7
  4262 | D:5      | Noticed a sky beast
  4276 | D:5      | Killed a sky beast
  4326 | D:5      | Noticed an ice beast
  4331 | D:5      | Noticed an ice beast
  4334 | D:5      | Killed an ice beast
  4335 | D:5      | Reached skill level 2 in Maces & Flails
  4335 | D:5      | Your scales start taking on a dull iron-grey colour.
  4335 | D:5      | Reached XP level 7. HP: 60/60 MP: 8/8
  4456 | D:5      | Reached skill level 3 in Maces & Flails
  4632 | D:5      | Reached skill level 5 in Long Blades
  4777 | D:5      | Noticed Duvessa
  4781 | D:5      | Noticed Dowan
  4790 | D:5      | Killed Duvessa
  4791 | D:5      | Killed Dowan
  5006 | D:5      | Reached skill level 4 in Maces & Flails
  5006 | D:5      | Reached XP level 8. HP: 51/67 MP: 10/10
  5143 | D:5      | Reached skill level 5 in Fighting
  5167 | D:5      | Reached skill level 5 in Maces & Flails
  5486 | D:6      | Found an ornate altar of the Wu Jian Council.
  5964 | D:6      | Reached * piety under Makhleb
  5965 | D:6      | Reached skill level 6 in Maces & Flails
  5965 | D:6      | Reached skill level 5 in Dodging
  6143 | D:6      | Found a shimmering blue altar of Sif Muna.
  6143 | D:6      | Found a radiant altar of Vehumet.
  6387 | D:6      | Reached skill level 5 in Invocations
  6448 | D:6      | Found a bloodstained altar of Trog.
  6457 | D:6      | Found a broken altar of Ashenzari.
  6609 | D:7      | Reached XP level 9. HP: 32/74 MP: 12/12
  6829 | D:7      | Noticed Menkaure
  6834 | D:7      | Killed Menkaure
  7043 | D:7      | Noticed Pikel
  7053 | D:7      | Killed Pikel
  7054 | D:7      | Reached skill level 7 in Maces & Flails
  7301 | D:7      | Reached skill level 1 in Evocations
  7362 | D:7      | Reached skill level 8 in Maces & Flails
  7664 | D:8      | Reached ** piety under Makhleb
  7832 | D:8      | Noticed Psyche
  7842 | D:8      | Killed Psyche
  7843 | D:8      | Reached XP level 10. HP: 84/84 MP: 13/15
  7929 | D:8      | Reached skill level 9 in Maces & Flails
  8113 | D:8      | Noticed an ice statue
  8845 | D:9      | Noticed a two-headed ogre
  9059 | D:9      | Killed a two-headed ogre
  9060 | D:9      | Reached skill level 5 in Shields
  9063 | D:9      | Found a staircase to the Lair.
  9314 | D:9      | Found an iron altar of Okawaru.
  9362 | D:9      | Reached skill level 10 in Maces & Flails
  9424 | D:9      | Identified the ring "Himecsar" {Wiz rElec rC+ Str+4}
  9540 | D:9      | Noticed a two-headed ogre
  9549 | D:9      | Killed a two-headed ogre
  9549 | D:9      | Reached *** piety under Makhleb
 10000 | D:10     | Entered Level 10 of the Dungeon
 10126 | D:10     | Found a sacrificial altar of Ru.
 10126 | D:10     | Noticed a manticore
 10129 | D:10     | Reached XP level 11. HP: 92/92 MP: 15/17
 10244 | D:10     | You fall into a shaft and drop 1 floor!
 10439 | D:11     | Noticed Josephine
 10457 | D:11     | Killed Josephine
 10458 | D:11     | Reached skill level 11 in Maces & Flails
 10753 | D:11     | Noticed a two-headed ogre
 10753 | D:11     | Noticed Sonja
 10759 | D:11     | Killed a two-headed ogre
 10789 | D:11     | Asphyxiated

Illustrated notes

Levels and vault maps discovered:
D:1:      dpeg_cavernosity, layout_rooms, serial_shops, nicolae_square_shop,
          interstate_on_off
D:2:      layout_basic, serial_shops, shop, kennysheep_generic_room_12
D:3:      layout_loops_cross, elyvilon_altar_5
D:4:      layout_cave_pods, lemuel_tele_altar,
          minmay_temple_entry_statues_fountains, minmay_starry_boxes
D:5:      layout_cave_pods, fountainhead, uniq_duvessa
D:6:      layout_loops_corners, pdpol_wu_jian_five_deadly_venoms,
          gammafunk_temple_overflow_wave, mainiacjoe_overflow_swirl
D:7:      wad_crossroads, layout_basic, uniq_pikel, uniq_menkaure
D:8:      lemuel_ice_statue, layout_basic, serial_curves, eino_curves_01,
          eino_curves_01, kennysheep_dice, uniq_psyche
D:9:      layout_loops_corners, mainiacjoe_overflow_cross_hatched,
          erik_lair_dragon, statue_in_the_mist_lemuel
D:10:     layout_loops_ring, nicolae_overflow_hidden_temple, zin_statuary,
          old_standard_altar, nicolae_yredelemnul_ghost_church, enter_trove_2,
          st_stairs_8
D:11:     layout_roguey, minmay_misc_feat_iff, uniq_sonja, uniq_josephine
Temple:   eino_temple_lava

Skill      XL: |  1  2  3  4  5  6  7  8  9 10 11 |
---------------+----------------------------------+-----
Dodging        | 3 4 5 6 7 |  7.3
Long Blades    | 3 4 5 |  5.0
Fighting       | 4 5 6 7 8 |  8.0
Invocations    | 1 2 3 5 6 8 |  8.5
Maces & Flails | 1 2 4 6 8 10 11 | 11.3
Shields        | 4 5 |  5.4
Evocations     | 1 2 |  2.3

Action                   |  1- 3 |  4- 6 |  7- 9 | 10-12 || total
-------------------------+-------+-------+-------+-------++-------
Melee: Long sword        |   129 |    57 |       |       ||   186
       Tailslap          |    17 |    14 |    53 |    50 ||   134
       Mace              |       |    36 |   239 |   281 ||   556
Invok: Minor Destruction |       |       |       |     3 ||     3
Evoke: Wand              |       |       |     5 |    11 ||    16
  Use: Scroll            |     3 |       |     8 |     4 ||    15
       Potion            |       |       |     1 |    12 ||    13
 Stab: Sleeping          |     5 |     3 |     8 |       ||    16
Armor: Skin              |    44 |    50 |    68 |   145 ||   307
Dodge: Dodged            |    80 |    68 |    96 |   177 ||   421
Block: Buckler           |    23 |    27 |    46 |    75 ||   171

Table legend: (Time is in decaauts)
 A = Elapsed time spent in this place.
 B = Non-inter-level travel time spent in this place.
 C = Inter-level travel time spent in this place.
 D = Time resting spent in this place.
 E = Time spent auto-exploring this place.
 F = Levels seen in this place.
 G = Mean time per level.
                   A        B        C        D        E       F      G
               +--------+--------+--------+--------+--------+-----+--------+
         Total |  10677 |  10374 |    303 |    957 |   7893 |  12 |  889.8 |
       Dungeon |  10591 |  10294 |    297 |    957 |   7834 |  11 |  962.8 |
        Temple |     85 |     79 |      6 |      0 |     59 |   1 |   85.0 |
               +--------+--------+--------+--------+--------+-----+--------+

Top non-repeatable levels by time:
     D:5: 1328 daAuts
     D:9: 1304 daAuts
     D:4: 1224 daAuts
     D:1: 1100 daAuts
     D:6: 1088 daAuts
     D:2: 1071 daAuts
     D:7: 1055 daAuts
     D:8: 982 daAuts
     D:3: 691 daAuts
    D:11: 516 daAuts
    D:10: 227 daAuts
  Temple: 85 daAuts
